 Dungeon Crawl Stone Soup version 0.29-a0-359-g541a27f54d (webtiles) character file.

Game seed: 3081404327862133665

2650 siradein the Basher (level 9, -6/81 HPs)
             Began as a Minotaur Fighter on Apr 27, 2022.
             Was a Priest of Wu Jian.
             Mangled by a seven-headed hydra (10 damage)
             ... on level 7 of the Dungeon.
             The game lasted 00:20:55 (5664 turns).

siradein the Basher (Minotaur Fighter)              Turns: 5664, Time: 00:20:55

Health: -6/81      AC: 20    Str: 25    XL:     9   Next: 36%
Magic:  8/8        EV:  8    Int:  5    God:    Wu Jian [***...]
Gold:   445        SH:  6    Dex: 12    Spells: 8/8 levels left

rFire   . . .      SeeInvis .   a - +0 flail
rCold   + . .      Faith    .   c - +0 buckler
rNeg    . . .      Spirit   .   t - +2 chain mail {rC+}
rPois   .          Reflect  .   (helmet restricted)
rElec   .          Harm     .   (no cloak)
rCorr   .          Rampage  .   (no gloves)
Will    +....                   (no boots)
Stlth   ..........              r - amulet of regeneration
HPRegen 1.03/turn               l - ring of willpower
MPRegen 0.11/turn               x - ring of the Tortoise {AC+8}

@: no status effects
A: horns 2, retaliatory headbutt, agile 1
a: Renounce Religion, Wall Jump, Serpent's Lash


You were on level 7 of the Dungeon.
You worshipped Wu Jian.
Wu Jian was most pleased with you.
You visited 1 branch of the dungeon, and saw 7 of its levels.

You collected 445 gold pieces.

Inventory:

Hand Weapons
 a - a +0 flail (weapon)
Missiles
 s - 5 boomerangs (quivered)
Armour
 c - a +0 buckler (worn)
 t - a +2 chain mail of cold resistance (worn)
Jewellery
 b - an amulet of faith
 l - a ring of willpower (left hand)
 r - an amulet of regeneration (around neck)
 x - the ring of the Tortoise (right hand) {AC+8}
   (You found it on level 5 of the Dungeon)

   [ring of protection]

   AC:        It affects your AC (+8).
 C - a ring of fire
Wands
 h - a wand of iceblast (12)
 E - a wand of paralysis (8)
 F - a wand of acid (8)
Scrolls
 e - 2 scrolls of magic mapping
 f - 4 scrolls of enchant weapon {unknown}
 g - a scroll of blinking {unknown}
 j - 2 scrolls of amnesia {unknown}
 m - 3 scrolls of vulnerability {unknown}
 n - 2 scrolls of fog {unknown}
 o - 3 scrolls of teleportation
 q - 8 scrolls of fear {unknown}
 v - 2 scrolls of enchant armour {unknown}
 y - a scroll of torment {unknown}
 D - a scroll of immolation {unknown}
 G - a scroll of noise {unknown}
Potions
 d - a potion of might
 i - a potion of heal wounds
 k - 4 potions of curing
 p - a potion of magic
 u - a potion of cancellation {unknown}
 w - a potion of attraction {unknown}
 z - a potion of berserk rage {unknown}
 A - 2 potions of brilliance
 B - a potion of resistance {unknown}


   Skills:
 + Level 7.8 Fighting
 * Level 10.0 Maces & Flails
 + Level 7.8 Armour
 + Level 7.8 Shields


You had 8 spell levels left.
You didn't know any spells.
Your spell library contained the following spells:

 Spells                   Type           Power      Damage    Failure   Level
 Animate Skeleton         Necr           0%         N/A       98%         1
 Apportation              Tloc           0%         N/A       98%         1
 Summon Small Mammal      Summ           0%         N/A       98%         1


Dungeon Overview and Level Annotations

Branches:
Dungeon (7/15)             Temple (0/1) D:5

Altars:
Gozag
Wu Jian

Annotations:
D:3 3 runed translucent doors, SirDiesAlot's ghost, amateur SpEn


Innate Abilities, Weirdness & Mutations

You have a pair of horns on your head.
You reflexively headbutt those who attack you in melee.
You are agile. (Dex +2)


Message History

The seven-headed hydra bites you.
You block the seven-headed hydra's attack.
The seven-headed hydra bites you but does no damage.
The seven-headed hydra attacks as you move away!
The seven-headed hydra bites you!
The seven-headed hydra bites you but does no damage. x2
The seven-headed hydra bites you!
* * * LOW HITPOINT WARNING * * *
The seven-headed hydra bites you.
* * * LOW HITPOINT WARNING * * *
The seven-headed hydra bites you.
* * * LOW HITPOINT WARNING * * *
The seven-headed hydra barely misses you.
The orc attacks as you move away! The orc barely misses you.
Unknown command.
Unknown command.
Unknown command.
It was a potion of heal wounds.
You feel much better. The orc barely misses you.
The seven-headed hydra bites you.
You block the seven-headed hydra's attack.
The seven-headed hydra barely misses you.
The seven-headed hydra bites you but does no damage. x2
The seven-headed hydra bites you. x2
* * * LOW HITPOINT WARNING * * *
Unknown command.
The seven-headed hydra attacks as you move away!
You block the seven-headed hydra's attack.
The seven-headed hydra bites you but does no damage.
The seven-headed hydra bites you!
* * * LOW HITPOINT WARNING * * *
The seven-headed hydra bites you but does no damage.
The seven-headed hydra bites you.
* * * LOW HITPOINT WARNING * * *
The seven-headed hydra bites you but does no damage. x2
Unknown command.
Unknown command.
The seven-headed hydra attacks as you move away!
The seven-headed hydra bites you but does no damage. x2
The seven-headed hydra bites you!
You die...

#.# ####...#.###o#
#.#########...#.###o#
#.##.............##.#
..##.######...#..##.#
..................).#
...#.#######.##..####
..##.# ##...#..#
.###.#####...<.Do#
..............##@#
.<...#####.#.###.# <##..#
#.#.# #.# .##..# #.#.#
#.########
.##..#####.#.###.........
.##..............########
.##........#####.#
.......###.#####.#
.#####.........#.#


You could see a seven-headed hydra and an orc.

Vanquished Creatures
  Pikel (D:4)
  2 water moccasins
  An orc warrior (D:7)
  A sky beast (D:6)
  3 ice beasts
  2 ogres (D:5)
  A centaur (D:5)
  A phantom (D:7)
  2 bullfrogs (D:6)
  A necrophage (D:5)
  2 scorpions
  5 wights (D:7)
  A howler monkey (D:5)
  3 hounds
  A jelly (D:6)
  A gnoll shaman (D:6)
  2 iguanas
  6 orc wizards
  7 gnolls
  5 adders
  A white imp (D:7)
  2 dart slugs
  17 orcs
  11 endoplasms
  3 giant cockroaches
  8 goblins
  6 hobgoblins
  8 jackals
  4 kobolds
  5 quokkas
  5 ball pythons
  2 bats (D:3)
  8 rats
128 creatures vanquished.

Notes
Turn   | Place    | Note
-------+----------+-------------------------------------------
     0 | D:1      | siradein the Minotaur Fighter began the quest for the Orb.
     0 | D:1      | Reached XP level 1. HP: 19/19 MP: 0/0
   179 | D:1      | Found a faded altar of an unknown god.
   186 | D:1      | Prayed at the altar of an unknown god.
   186 | D:1      | Became a worshipper of the Wu Jian Council
   186 | D:1      | Reached * piety under Wu Jian
   380 | D:1      | Reached XP level 2. HP: 25/27 MP: 1/1
   497 | D:1      | Reached skill level 3 in Maces & Flails
  1256 | D:2      | Reached XP level 3. HP: 33/33 MP: 2/2
  1751 | D:2      | Reached ** piety under Wu Jian
  2128 | D:3      | Reached XP level 4. HP: 40/40 MP: 3/3
  2147 | D:3      | Reached skill level 4 in Maces & Flails
  2429 | D:3      | Found a runed translucent gate.
  2430 | D:3      | Found a runed translucent gate.
  2430 | D:3      | Found an opulent altar of Gozag.
  2431 | D:3      | Found a runed translucent gate.
  2503 | D:3      | Reached XP level 5. HP: 44/47 MP: 4/4
  2595 | D:3      | Noticed SirDiesAlot's ghost (amateur SpEn)
  2617 | D:3      | Noticed an ice beast
  2886 | D:4      | Noticed a lemure
  2886 | D:4      | Noticed Pikel
  2886 | D:4      | Noticed a lemure
  2929 | D:4      | Noticed a lemure
  2930 | D:4      | Noticed a lemure
  2937 | D:4      | Gained mutation: Your spells are a little harder to cast,
                  | but a little more powerful. [potion of mutation]
  2937 | D:4      | Gained mutation: You are agile. (Dex +2) [potion of
                  | mutation]
  2937 | D:4      | Lost mutation: Your spells are a little harder to cast, but
                  | a little more powerful. [potion of mutation]
  2950 | D:4      | Killed Pikel
  2951 | D:4      | Reached skill level 5 in Fighting
  2951 | D:4      | Reached skill level 6 in Maces & Flails
  2951 | D:4      | Reached skill level 5 in Armour
  2951 | D:4      | Reached skill level 5 in Shields
  2951 | D:4      | Reached XP level 6. HP: 10/56 MP: 5/5
  2951 | D:4      | Reached XP level 7. HP: 11/61 MP: 6/6
  3387 | D:5      | Entered Level 5 of the Dungeon
  3605 | D:5      | Reached skill level 7 in Maces & Flails
  3675 | D:5      | Found the ring of the Tortoise {AC+8}
  3706 | D:5      | Reached XP level 8. HP: 70/70 MP: 7/7
  4036 | D:5      | Found a staircase to the Ecumenical Temple.
  4197 | D:5      | Reached skill level 8 in Maces & Flails
  4239 | D:5      | Reached *** piety under Wu Jian
  4631 | D:6      | Reached skill level 9 in Maces & Flails
  5180 | D:7      | Reached XP level 9. HP: 77/79 MP: 8/8
  5213 | D:7      | Noticed a seven-headed hydra
  5638 | D:7      | Reached skill level 10 in Maces & Flails
  5663 | D:7      | HP: 3/81 [seven-headed hydra (6)]
  5664 | D:7      | Mangled by a seven-headed hydra

Illustrated notes

Levels and vault maps discovered:
D:1:      dpeg_arrival_circle_labyrinth_c, layout_loops_ring,
          hellmonk_ecumenical_altar_slurped_away
D:2:      layout_loops_ring
D:3:      layout_rooms, ebering_ghost_gozag
D:4:      layout_rooms, uniq_pikel
D:5:      layout_loops_corners, lemuel_temple_firewalk_b
D:6:      layout_loops_ring, st_stairs_13
D:7:      layout_loops_ring, marbit_many_paths, uniq_joseph

Skill      XL: |  1  2  3  4  5  6  7  8  9 |
---------------+----------------------------+-----
Maces & Flails | 3 4 6 7 9 10 | 10.0
Shields        | 4 5 6 7 |  7.8
Armour         | 4 5 6 7 |  7.8
Fighting       | 4 5 6 7 |  7.8

Action                   |  1- 3 |  4- 6 |  7- 9 || total
-------------------------+-------+-------+-------++-------
Melee: Flail             |   103 |    86 |   205 ||   394
       Headbutt          |    16 |    12 |    41 ||    69
Invok: Lunge             |    20 |     7 |    32 ||    59
       Whirlwind         |       |     3 |     2 ||     5
 Abil: Wall Jump         |       |     8 |     7 ||    15
  Use: Potion            |       |     4 |     1 ||     5
       Scroll            |       |     3 |     2 ||     5
Armor: Scale mail        |    54 |    19 |       ||    73
       Skin              |       |    12 |       ||    12
       Chain mail        |       |    10 |   124 ||   134
Dodge: Dodged            |    33 |    35 |    58 ||   126
Block: Buckler           |    15 |    15 |    43 ||    73

Table legend: (Time is in decaauts)
 A = Elapsed time spent in this place.
 B = Non-inter-level travel time spent in this place.
 C = Inter-level travel time spent in this place.
 D = Time resting spent in this place.
 E = Time spent auto-exploring this place.
 F = Levels seen in this place.
 G = Mean time per level.
                   A        B        C        D        E       F      G
               +--------+--------+--------+--------+--------+-----+--------+
         Total |   5715 |   5581 |    134 |     18 |   4460 |   7 |  816.4 |
       Dungeon |   5715 |   5581 |    134 |     18 |   4460 |   7 |  816.4 |
               +--------+--------+--------+--------+--------+-----+--------+

Top non-repeatable levels by time:
     D:1: 1204 daAuts
     D:5: 1032 daAuts
     D:2: 943 daAuts
     D:6: 726 daAuts
     D:3: 717 daAuts
     D:4: 568 daAuts
     D:7: 522 daAuts
